 Dungeon Crawl Stone Soup version 0.31-a0-544-gceb718ecc6 (webtiles) character file.

Game seed: 5113632437299841419

3362 randomguy2701 the Thaumaturge (level 9, -1/45 HPs)
             Began as a Deep Elf Necromancer on Aug 15, 2023.
             Was an Initiate of Gozag.
             Killed from afar by an orc wizard (10 damage)
             ... with a puff of flame
             ... on level 9 of the Dungeon.
             The game lasted 00:30:26 (9758 turns).

randomguy2701 the Thaumaturge (DENe)                Turns: 9758, Time: 00:30:27

Health: -1/45      AC:  4    Str:  5    XL:     9   Next: 73%
Magic:  5/36       EV: 15    Int: 25    God:    Gozag
Gold:   852        SH:  0    Dex: 19    Spells: 16/33 levels left

rFire   . . .        u - +2 long sword of the Well-Known Yaks {flame, rElec Dex+4}
rCold   . . .        (no shield)
rNeg    . . .        a - +0 robe
rPois   .            (no helmet)
rElec   +            (no cloak)
rCorr   .            w - +0 pair of gloves
SInv    .            v - +0 pair of boots
Will    .....        A - amulet of the acrobat
Stlth   +++          x - ring of magical power
HPRegen 0.27/turn    o - ring of wizardry
MPRegen 0.25/turn

%: acrobat, wizardry (x1)
@: gold aura, studying Staves
A: no striking features
a: Renounce Religion, Potion Petition, Call Merchant, Bribe Branch


You were on level 9 of the Dungeon.
You worshipped Gozag.
Gozag was pleased with you.
You visited 1 branch of the dungeon, and saw 9 of its levels.

You collected 1107 gold pieces.
You spent 216 gold pieces at shops.
You paid 39 gold pieces to Gozag.

Inventory:

Hand Weapons
 m - a +3 trident of protection
 u - the +2 long sword of the Well-Known Yaks (weapon) {flame, rElec Dex+4}
   (You found it on level 4 of the Dungeon)

   Dex+4:     It affects your dexterity (+4).
   rElec:     It insulates you from electricity.
 H - a +0 shortbow
 I - a +0 orcbow
Armour
 a - a +0 robe (worn)
 v - a +0 pair of boots (worn)
 w - a +0 pair of gloves (worn)
Jewellery
 c - a ring of ice
 h - a +6 ring of strength
 o - a ring of wizardry (right hand)
 s - a +4 ring of slaying
 x - a ring of magical power (left hand)
 A - an amulet of the acrobat (around neck)
 B - a ring of protection from cold
 C - a ring of protection from cold
 E - a ring of flight
Wands
 k - a wand of quicksilver (9)
 F - a wand of mindburst (16)
 K - a wand of iceblast (4)
Scrolls
 d - 3 scrolls of teleportation
 g - a scroll of acquirement {unknown}
 l - 7 scrolls of identify {unknown}
 p - a scroll of immolation {unknown}
 t - 4 scrolls of fear
 y - a scroll of enchant weapon
 G - a scroll of vulnerability {unknown}
Potions
 b - 4 potions of magic
 e - 5 potions of curing
 f - a potion of attraction {unknown}
 i - 2 potions of degeneration {unknown}
 j - a potion of berserk rage {unknown}
 n - 2 potions of brilliance {unknown}
 q - a potion of mutation {unknown}
 r - 2 potions of lignification {unknown}
 z - a potion of ambrosia {unknown}
 D - a potion of heal wounds {unknown}
 J - a potion of haste {unknown}


   Skills:
 - Level 0.1 Fighting
 - Level 0.1(0.2) Polearms
 * Level 0.6(0.7) Staves
 + Level 5.1 Dodging
 + Level 5.4 Stealth
 + Level 12.9 Spellcasting
 + Level 3.9 Conjurations
 + Level 8.3 Necromancy
 + Level 4.7 Translocations


You had 16 spell levels left.
You knew the following spells:

 Your Spells              Type           Power      Damage    Failure   Level
a - Necrotise             Necr           100%       1d9       1%          1
b - Vampiric Draining     Necr           55%        2d9       1%          3
c - Blink                 Tloc           78%        N/A       1%          2
d - Iskenderun's Mystic   Conj/Tloc      37%        2d9       2%          4
e - Gell's Gravitas       Tloc           39%        N/A       1%          3
f - Momentum Strike       Conj/Tloc      74%        3d10      1%          2
g - Lesser Beckoning      Tloc           78%        N/A       1%          2

Your spell library contained the following spells:

 Spells                   Type           Power      Damage    Failure   Level
 Freeze                   Ice            64%        1d7       1%          1
 Slow                     Hex            64%        N/A       1%          1
 Hailstorm                Conj/Ice       25%        3d7       1%          3
 Portal Projectile        Hex/Tloc       54%        N/A       1%          3
 Teleport Other           Tloc           39%        N/A       1%          3
 Agony                    Necr           55%        N/A       1%          5
 Confusing Touch          Hex            16%        N/A       4%          3
 Frozen Ramparts          Ice            32%        1d5       4%          3
 Tukima's Dance           Hex            16%        N/A       4%          3
 Chain Lightning          Conj/Air       12%        3d16      100%        9
 Fire Storm               Conj/Fire      12%        8d3       100%        9
 Shatter                  Erth           8%         3d10*     100%        9
 Animate Dead             Necr           Unusable   N/A       N/A         4

Dungeon Overview and Level Annotations

Branches:
Dungeon (9/15)             Temple (0/1) D:7            Lair (0/5) D:8
    Orc: D:9-12

Altars:
Cheibriados
Fedhas
Gozag
Nemelex Xobeh
Ru
Vehumet
Wu Jian
Xom
The Shining One

Shops:
D:1 :   D:7 *   D:8 (

Annotations:
D:6 Dowan, Duvessa


Message History

Confirm with . or Enter, or press ? or * to list all spells.
Aiming: Vampiric Draining (safe; 1% risk of failure)
Press: ? - help, Shift-Dir - straight line, f/p - bullfrog
Aim: a bullfrog (lightly wounded)
You draw life force from the bullfrog!
You feel life coursing into your body. The bullfrog barely misses you.
Something completely misses you.
The orc priest hits you from afar with a +0 trident.
The bullfrog hits you!
* * * LOW HITPOINT WARNING * * *
Casting: Vampiric Draining (safe; 1% risk of failure)
Confirm with . or Enter, or press ? or * to list all spells.
Aiming: Vampiric Draining (safe; 1% risk of failure)
Press: ? - help, Shift-Dir - straight line, f/p - bullfrog
Aim: a bullfrog (heavily wounded)
You draw life force from the bullfrog!
You feel life coursing into your body. The bullfrog hits you.
* * * LOW HITPOINT WARNING * * *
You hear some strange, mumbled words.
A magic dart appears from out of thin air!
The magic dart hits you!
* * * LOW HITPOINT WARNING * * *
The orc priest barely misses you.
Casting: Vampiric Draining (safe; 1% risk of failure)
Confirm with . or Enter, or press ? or * to list all spells.
Aiming: Vampiric Draining (safe; 1% risk of failure)
Press: ? - help, Shift-Dir - straight line, f/p - bullfrog
Aim: a bullfrog (almost dead)
You draw life force from the bullfrog!
You kill the bullfrog!
You feel life coursing into your body. Something hits you but does no damage.
The orc priest hits you from afar with a +0 trident.
* * * LOW HITPOINT WARNING * * *
Something hits you.
* * * LOW HITPOINT WARNING * * *
It was a potion of curing.
You feel better.
You hear some strange, mumbled words.
A puff of flame appears from out of thin air!
The puff of flame hits you!
You die...
Your body crumbles into a pile of gold.

... ...
.....#####
#.#......#
#.#......#
#.#......#
#.#......#
#@#......#
#{#......#.
#.o........
###........
#........
#######.# #


You could see an orc priest.

Vanquished Creatures
  A komodo dragon (D:8)
  Sigmund (D:6)
  Edmund (D:5)
  A water moccasin (D:6)
  A black bear (D:7)
  3 sky beasts
  3 ogres
  2 centaurs
  2 kobold brigands
  2 phantoms
  Blork the orc (D:5)
  6 bullfrogs
  2 scorpions
  6 killer bees (D:7)
  4 howler monkeys (D:8)
  4 hounds
  An orc priest (D:8)
  2 jellies
  4 iguanas
  3 orc wizards
  2 sleepcaps (D:6)
  7 gnolls (D:5)
  11 adders
  2 white imps
  2 ufetubi
  2 worms
  4 dart slugs
  19 orcs
  4 bats
  3 endoplasms
  A giant cockroach (D:2)
  8 goblins
  3 hobgoblins
  10 kobolds
  A quokka (D:2)
  9 ball pythons
  3 frilled lizards
  4 rats
  A butterfly (D:4)
146 creatures vanquished.

Vanquished Creatures (collateral kills)
  A goblin (D:3)
1 creature vanquished.

Grand Total: 147 creatures vanquished

Notes
Turn   | Place    | Note
-------+----------+-------------------------------------------
     0 | D:1      | randomguy2701 the Deep Elf Necromancer began the quest for
                  | the Orb.
     0 | D:1      | Reached XP level 1. HP: 10/10 MP: 6/6
   153 | D:1      | Reached skill level 5 in Necromancy
   241 | D:1      | Found Yhu Benu's Book Shoppe.
   314 | D:1      | Reached XP level 2. HP: 15/15 MP: 6/8
   821 | D:2      | Found a faded altar of an unknown god.
  1023 | D:2      | Reached XP level 3. HP: 19/19 MP: 7/10
  1330 | D:2      | Reached skill level 4 in Spellcasting
  1524 | D:2      | Learned a level 3 spell: Vampiric Draining
  1591 | D:3      | Reached XP level 4. HP: 23/24 MP: 1/12
  1948 | D:3      | Found an opulent altar of Gozag.
  2168 | D:3      | Became a worshipper of Gozag Ym Sagoz the Greedy
  2303 | D:4      | Reached skill level 5 in Spellcasting
  2384 | D:4      | Reached XP level 5. HP: 23/28 MP: 9/14
  2484 | D:4      | Found a shimmering altar of Xom.
  2599 | D:4      | Found an ornate altar of the Wu Jian Council.
  2667 | D:4      | Found a sparkling altar of Nemelex Xobeh.
  2759 | D:4      | Identified the +2 long sword of the Well-Known Yaks {flame,
                  | rElec Dex+4}
  2934 | D:4      | Reached XP level 6. HP: 32/32 MP: 5/16
  3164 | D:5      | Entered Level 5 of the Dungeon
  3171 | D:5      | Reached skill level 6 in Spellcasting
  3561 | D:5      | Found a radiant altar of Vehumet.
  3818 | D:5      | Noticed Blork the orc
  3830 | D:5      | Killed Blork the orc
  3831 | D:5      | Reached skill level 7 in Spellcasting
  3831 | D:5      | Reached XP level 7. HP: 19/36 MP: 7/19
  4068 | D:1      | Bought a book of Spatial Translocations for 216 gold pieces
  4071 | D:1      | Learned a level 2 spell: Blink
  4076 | D:1      | Learned a level 4 spell: Iskenderun's Mystic Blast
  4080 | D:1      | Learned a level 3 spell: Gell's Gravitas
  4528 | D:5      | Noticed Edmund
  4609 | D:5      | Killed Edmund
  4809 | D:5      | Learned a level 2 spell: Momentum Strike
  4825 | D:5      | Found a blossoming altar of Fedhas.
  4878 | D:5      | Reached skill level 8 in Spellcasting
  5044 | D:4      | You fall into a shaft and drop 2 floors!
  5098 | D:6      | Reached skill level 1 in Translocations
  5292 | D:6      | Noticed Duvessa
  5292 | D:6      | Noticed Dowan
  5375 | D:6      | Reached XP level 8. HP: 41/41 MP: 7/22
  5536 | D:6      | Reached skill level 9 in Spellcasting
  5869 | D:6      | Noticed Sigmund
  6035 | D:6      | Killed Sigmund
  6036 | D:6      | Reached skill level 5 in Stealth
  6310 | D:5      | Reached skill level 10 in Spellcasting
  6828 | D:7      | Learned a level 2 spell: Lesser Beckoning
  6873 | D:7      | Reached skill level 1 in Conjurations
  7039 | D:7      | Reached XP level 9. HP: 45/45 MP: 24/25
  7181 | D:7      | Found Deuroppisa's Fire Supplies.
  7324 | D:7      | Found a staircase to the Ecumenical Temple.
  7370 | D:7      | Reached skill level 11 in Spellcasting
  7784 | D:8      | Found Yrchaxkuatt's Weapon Shop.
  7914 | D:8      | Noticed a komodo dragon
  8198 | D:8      | Found a sacrificial altar of Ru.
  8400 | D:8      | Found a glowing golden altar of the Shining One.
  8548 | D:8      | Reached skill level 12 in Spellcasting
  8628 | D:8      | Noticed a red ugly thing
  8925 | D:8      | Killed a komodo dragon
  8926 | D:8      | Reached skill level 5 in Dodging
  8964 | D:8      | Found a staircase to the Lair.
  9226 | D:8      | Noticed a boulder beetle
  9247 | D:8      | Found a snail-covered altar of Cheibriados.
  9699 | D:9      | Noticed a boulder beetle
  9756 | D:9      | HP: 2/45 [something (1)]
  9758 | D:9      | Killed from afar by an orc wizard

Illustrated notes

Levels and vault maps discovered:
D:1:      kennysheep_arrival_forest, layout_loops_ring, serial_shops, shop,
          dk_noncrumbling_3
D:2:      layout_basic, nicolae_ecumenical_snake_handling
D:3:      layout_rooms, mainiacjoe_overflow_alcove_4
D:4:      layout_basic, nemelex_spade_bored_becter, xom_butterflies,
          nzn_wu_jian_council_hall
D:5:      minmay_angry_zag, layout_loops_ring, nicolae_overflow_hidden_temple,
          fedhas_altar_fruit_tree, uniq_edmund, uniq_blork_the_orc
D:6:      layout_loops_ring, uniq_duvessa, uniq_sigmund
D:7:      layout_loops_cross, minmay_temple_entry_large_hall,
          nicolae_shop_fire_sale [nicolae_sub_dead_trees]
D:8:      layout_basic, nicolae_ru_great_annihilating_truth, kennysheep_mini,
          slow_altar_2, david_lair_shrubbed, serial_shops, shop,
          minmay_manual_monolith
D:9:      layout_basic, demons_altar, overflow_temple_1_default, minmay_holes,
          kennysheep_generic_room_7

Skill      XL: |  1  2  3  4  5  6  7  8  9 |
---------------+----------------------------+-----
Necromancy     | 5 6 7 8 |  8.3
Spellcasting   | 4 5 7 8 10 12 | 12.9
Stealth        | 3 4 5 |  5.4
Dodging        | 3 4 5 |  5.1
Translocations | 2 3 4 |  4.7
Conjurations   | 2 3 |  3.9
Fighting       | |  0.1
Polearms       | |  0.1
Staves         | |  0.6

Action                     |  1- 3 |  4- 6 |  7- 9 || total
---------------------------+-------+-------+-------++-------
  Melee: Unarmed           |     1 |       |       ||     1
         Trident           |       |     3 |       ||     3
         Long sword        |       |     1 |    26 ||    27
         Punch             |       |       |     1 ||     1
   Cast: Necrotise         |    59 |    97 |   268 ||   424
         Vampiric Draining |       |     3 |    31 ||    34
         Blink             |       |       |    14 ||    14
         Iskenderun's Myst |       |       |     2 ||     2
         Momentum Strike   |       |       |     1 ||     1
         Lesser Beckoning  |       |       |     1 ||     1
    Use: Scroll            |       |     3 |     1 ||     4
         Potion            |       |       |     1 ||     1
   Stab: Sleeping          |     1 |       |       ||     1
 Armour: Robe              |     2 |     1 |    26 ||    29
  Dodge: Dodged            |     5 |    17 |   139 ||   161

Table legend: (Time is in decaauts)
 A = Elapsed time spent in this place.
 B = Non-inter-level travel time spent in this place.
 C = Inter-level travel time spent in this place.
 D = Time resting spent in this place.
 E = Time spent auto-exploring this place.
 F = Levels seen in this place.
 G = Mean time per level.
                   A        B        C        D        E       F      G
               +--------+--------+--------+--------+--------+-----+--------+
         Total |   9781 |   8693 |   1088 |    141 |   6723 |   9 | 1086.8 |
       Dungeon |   9781 |   8693 |   1088 |    141 |   6723 |   9 | 1086.8 |
               +--------+--------+--------+--------+--------+-----+--------+

Top non-repeatable levels by time:
     D:5: 1795 daAuts
     D:8: 1652 daAuts
     D:4: 1323 daAuts
     D:7: 1075 daAuts
     D:6: 1038 daAuts
     D:1: 913 daAuts
     D:2: 885 daAuts
     D:3: 811 daAuts
     D:9: 285 daAuts
